 Dungeon Crawl Stone Soup version 0.28-a0-984-g3775c662fe (webtiles) character file.

Game seed: 11500167956564605870

70 fragbeetle the Grasshopper (level 4, -2/38 HPs)
             Began as a Gnoll Warper on Dec 4, 2021.
             Slain by Terence (4 damage)
             ... on level 2 of the Dungeon.
             The game lasted 00:07:51 (2382 turns).

fragbeetle the Grasshopper (Gnoll Warper)           Turns: 2382, Time: 00:07:52

Health: -2/38      AC:  5    Str: 12    XL:     4   Next: 21%
Magic:  11/11      EV: 11    Int: 12    God:
Gold:   17         SH:  0    Dex: 12    Spells: 4/13 levels left

rFire   + . .      SeeInvis .   a - +0 spear
rCold   x . .      Faith    .   (no shield)
rNeg    . . .      Spirit   .   f - +0 ring mail
rPois   .          Reflect  .   (no helmet)
rElec   .          Harm     .   (no cloak)
rCorr   .          Rampage  .   (no gloves)
Will    .....                   (no boots)
Stlth   +.........              j - amulet of magic regeneration
HPRegen 0.12/turn               k - ring of fire
MPRegen 0.52/turn               (no ring)

@: no status effects
A: fangs 1, strong nose, distributed training
a: no special abilities


You were on level 2 of the Dungeon.
You visited 1 branch of the dungeon, and saw 3 of its levels.

You collected 17 gold pieces.

Inventory:

Hand Weapons
 a - a +0 spear (weapon)
 l - a +1 short sword of speed
 m - a +0 short sword of electrocution
Missiles
 d - 3 boomerangs of dispersal (quivered)
Armour
 b - a +0 leather armour
 f - a +0 ring mail (worn)
Jewellery
 j - an amulet of magic regeneration (around neck)
 k - a ring of fire (left hand)
Scrolls
 c - a scroll of blinking
 g - a scroll of amnesia {unknown}
 i - a scroll of fog {unknown}
 n - a scroll of noise {unknown}
Potions
 e - 2 potions of flight {unknown}
 h - a potion of mutation {unknown}


   Skills:
 + Level 4.6 Fighting
 + Level 1.0 Short Blades
 + Level 1.0 Long Blades
 + Level 1.0 Axes
 + Level 1.0 Maces & Flails
 + Level 4.6 Polearms
 + Level 1.0 Staves
 + Level 1.0 Slings
 + Level 1.0 Bows
 + Level 1.0 Crossbows
 + Level 2.7 Throwing
 + Level 2.7 Armour
 + Level 4.6 Dodging
 + Level 1.0 Stealth
 + Level 1.0 Shields
 + Level 1.0 Unarmed Combat
 + Level 5.0 Spellcasting
 + Level 0.8 Conjurations
 + Level 0.8 Hexes
 + Level 0.8 Summonings
 + Level 0.8 Necromancy
 + Level 5.4 Translocations
 + Level 0.8 Transmutations
 + Level 0.8 Fire Magic
 + Level 0.8 Ice Magic
 + Level 0.8 Air Magic
 + Level 0.8 Earth Magic
 + Level 0.8 Poison Magic
 + Level 1.1 Invocations
 + Level 1.0 Evocations


You had 4 spell levels left.
You knew the following spells:

 Your Spells              Type           Power      Damage    Failure   Level
a - Blink                 Tloc           32%        N/A       7%          2
b - Gell's Gravitas       Tloc           16%        N/A       14%         3
c - Teleport Other        Tloc           16%        N/A       14%         3
d - Sting                 Tmut/Pois      20%        1d4       30%         1

Your spell library contained the following spells:

 Spells                   Type           Power      Damage    Failure   Level
 Lesser Beckoning         Tloc           16%        N/A       14%         3
 Poisonous Vapours        Pois/Air       10%        N/A       43%         2
 Olgreb's Toxic Radiance  Pois           5%         N/A       97%         4
 Manifold Assault         Tloc           16%        N/A       78%         5


Dungeon Overview and Level Annotations

Branches:
Dungeon (3/15)

Altars:

Annotations:
D:2 Terence


Innate Abilities, Weirdness & Mutations

You have very sharp teeth.
Your uncanny sense of smell can sniff out nearby items.
Your experience applies equally to all skills.


Message History

You hit Terence but do no damage.
Terence is severely wounded.
Terence looks more healthy.
Terence closely misses you.
You closely miss Terence.
Terence is severely wounded.
Terence hits you with a +0 short sword.
You barely miss Terence.
Terence is severely wounded.
Terence hits you with a +0 short sword.
* * * LOW HITPOINT WARNING * * *
Casting: Sting (safe; 30% risk of failure)
Confirm with . or Enter, or press ? or * to list all spells.
You blink.
You hit Terence but do no damage.
Terence is severely wounded.
Terence barely misses you.
Casting: Blink (safe; 7% risk of failure)
Confirm with . or Enter, or press ? or * to list all spells.
Aiming: Sting (safe; 30% risk of failure)
Press: ? - help, Shift-Dir - straight line, f/p - Terence
Aim: Terence, wielding a +0 short sword and wearing a +0 scale mail (severely wounded, 72% to hit)
The sting hits Terence.
Terence is poisoned.
Terence is almost dead.
Terence hits you with a +0 short sword.
* * * LOW HITPOINT WARNING * * *
You barely miss Terence.
Terence is almost dead.
Terence hits you with a +0 short sword.
* * * LOW HITPOINT WARNING * * *
Your magical contamination has completely faded away.
You closely miss Terence.
Terence is severely wounded.
Terence hits you with a +0 short sword.
* * * LOW HITPOINT WARNING * * *
Casting: Sting (safe; 30% risk of failure)
Confirm with . or Enter, or press ? or * to list all spells.
You are still too unstable to blink.
You feel stable enough to blink again. Terence hits you with a +0 short sword.
You die...

### ####.##
##.@...## ###
#####)@..#..##
....
#.....#####..#
....##..#.##∆ ##@#
........#.#∆ ∆
##.# ........###
#@##
....##...##†...÷##
... #....###..# ..
###.## ###


You could see Terence (poisoned).

Vanquished Creatures
  2 adders (D:2)
  2 worms
  2 orcs
  3 endoplasms
  A giant cockroach (D:3)
  9 goblins
  5 hobgoblins (D:1)
  2 quokkas (D:1)
  4 ball pythons (D:1)
  3 bats (D:1)
  4 kobolds
  5 rats
42 creatures vanquished.

Notes
Turn   | Place    | Note
-------+----------+-------------------------------------------
     0 | D:1      | fragbeetle the Gnoll Warper began the quest for the Orb.
     0 | D:1      | Reached XP level 1. HP: 20/20 MP: 6/6
   321 | D:1      | Reached XP level 2. HP: 22/26 MP: 7/7
   327 | D:1      | Learned a level 2 spell: Blink
   413 | D:1      | Found a faded altar of an unknown god.
   711 | D:1      | Reached XP level 3. HP: 21/31 MP: 9/9
   830 | D:1      | Reached skill level 5 in Spellcasting
  1253 | D:1      | Reached skill level 1 in Invocations
  1441 | D:2      | Learned a level 3 spell: Gell's Gravitas
  1445 | D:2      | Learned a level 3 spell: Teleport Other
  1829 | D:2      | Reached skill level 1 in Short Blades
  1829 | D:2      | Reached skill level 1 in Long Blades
  1829 | D:2      | Reached skill level 1 in Axes
  1829 | D:2      | Reached skill level 1 in Maces & Flails
  1829 | D:2      | Reached skill level 1 in Staves
  1829 | D:2      | Reached skill level 1 in Slings
  1829 | D:2      | Reached skill level 1 in Bows
  1829 | D:2      | Reached skill level 1 in Crossbows
  1829 | D:2      | Reached skill level 1 in Stealth
  1829 | D:2      | Reached skill level 1 in Shields
  1829 | D:2      | Reached skill level 1 in Unarmed Combat
  1829 | D:2      | Reached skill level 1 in Evocations
  2026 | D:2      | Reached XP level 4. HP: 23/38 MP: 11/11
  2206 | D:2      | Learned a level 1 spell: Sting
  2352 | D:2      | Noticed Terence
  2382 | D:2      | Slain by Terence

Illustrated notes

Levels and vault maps discovered:
D:1:      ncdulo_wetmaze, layout_basic, hellmonk_ecumenical_altar_inner_sanctum
D:2:      layout_basic, wander_ebering_terrifying_dragon_lair, uniq_terence
D:3:      cheibrodos_greedy_goblins, layout_basic

Skill      XL: |  1  2  3 |
---------------+----------+-----
Spellcasting   | 5 |  5.0
Invocations    | 1 |  1.1
Short Blades   | 1 |  1.0
Long Blades    | 1 |  1.0
Axes           | 1 |  1.0
Maces & Flails | 1 |  1.0
Staves         | 1 |  1.0
Slings         | 1 |  1.0
Bows           | 1 |  1.0
Crossbows      | 1 |  1.0
Stealth        | 1 |  1.0
Shields        | 1 |  1.0
Unarmed Combat | 1 |  1.0
Evocations     | 1 |  1.0
Fighting       | |  4.6
Polearms       | |  4.6
Throwing       | |  2.7
Armour         | |  2.7
Dodging        | |  4.6
Conjurations   | |  0.8
Hexes          | |  0.8
Summonings     | |  0.8
Necromancy     | |  0.8
Translocations | |  5.4
Transmutations | |  0.8
Fire Magic     | |  0.8
Ice Magic      | |  0.8
Air Magic      | |  0.8
Earth Magic    | |  0.8
Poison Magic   | |  0.8

Action                   |  1- 3 |  4- 6 || total
-------------------------+-------+-------++-------
Melee: Spear             |   187 |    37 ||   224
       Bite              |    10 |       ||    10
       Punch             |     1 |       ||     1
Throw: Boomerang         |       |     2 ||     2
 Cast: Blink             |     3 |     2 ||     5
       Teleport Other    |     1 |       ||     1
       Sting             |       |     5 ||     5
Armor: Leather armour    |    11 |       ||    11
       Ring mail         |    34 |     2 ||    36
Dodge: Dodged            |   103 |    17 ||   120

Table legend: (Time is in decaauts)
 A = Elapsed time spent in this place.
 B = Non-inter-level travel time spent in this place.
 C = Inter-level travel time spent in this place.
 D = Time resting spent in this place.
 E = Time spent auto-exploring this place.
 F = Levels seen in this place.
 G = Mean time per level.
                   A        B        C        D        E       F      G
               +--------+--------+--------+--------+--------+-----+--------+
         Total |   2364 |   2364 |      0 |    917 |    731 |   3 |  788.0 |
       Dungeon |   2364 |   2364 |      0 |    917 |    731 |   3 |  788.0 |
               +--------+--------+--------+--------+--------+-----+--------+

Top non-repeatable levels by time:
     D:1: 1088 daAuts
     D:2: 898 daAuts
     D:3: 377 daAuts
